 Dungeon Crawl Stone Soup version 0.17-a0-1632-g0af21bd (webtiles) character file.

244 Oddball22 the Magician (level 5, -6/28 HPs)
             Began as a Deep Elf Earth Elementalist on Aug 3, 2015.
             Mangled by an orc priest
             ... wielding a +0 club
              (8 damage)
             ... on level 4 of the Dungeon.
             The game lasted 00:13:07 (4201 turns).

Oddball22 the Magician (DEEE)                       Turns: 4201, Time: 00:13:07

Health: -6/28      AC:  2    Str:  5    XL:     5   Next: 83%
Magic:  0/14       EV: 18    Int: 21    God:
Gold:   132        SH:  0    Dex: 20    Spells: 4 memorised, 4 levels left

rFire  . . .     SeeInvis .     (no weapon)
rCold  . . .     Clarity  .     b - +0 robe
rNeg   . . .     SustAt   .     (no shield)
rPois  .         Gourm    +     (no helmet)
rElec  .         Spirit   .     (no cloak)
rCorr  .         Warding  .     (no gloves)
rMut   .         Stasis   .     (no boots)
MR     .....                    f - amulet of the gourmand
Stlth  +++.......               (no ring)
                                q - ring of flight

@: agile, flying, not resistant to hostile enchantments, fairly stealthy
A: no striking features
a: no special abilities


You were on level 4 of the Dungeon.
You were very hungry.

You visited 1 branch of the dungeon, and saw 4 of its levels.

You collected 132 gold pieces.

Inventory:

Missiles
 a - 162 stones (quivered)
Armour
 b - a +0 robe (worn)
Jewellery
 f - an amulet of the gourmand (around neck)
 n - an uncursed amulet of rage
 q - a ring of flight (left hand)
Scrolls
 h - 3 scrolls of identify {unknown}
 i - a scroll of enchant weapon {unknown}
 l - 2 scrolls of fog {unknown}
 m - a scroll of enchant armour {unknown}
 o - 2 scrolls of amnesia {unknown}
 p - a scroll of noise {unknown}
 s - a scroll of immolation {unknown}
 t - a scroll of blinking {unknown}
 w - a scroll of random uselessness {unknown}
Potions
 e - 2 potions of agility
 j - a potion of haste
Books
 c - a book of Geomancy

   Spells                             Type                      Level
   a - Sandblast                      Earth                        1
   b - Stoneskin                      Transmutation/Earth          2
   c - Passwall                       Transmutation/Earth          3
   d - Stone Arrow                    Conjuration/Earth            3
   e - Petrify                        Transmutation/Earth          4
   f - Lee's Rapid Deconstruction     Earth                        5
 x - a book of Party Tricks

   Spells                             Type                      Level
   a - Summon Butterflies             Summoning                    1
   b - Apportation                    Translocation                1
   c - Tukima's Dance                 Hexes                        3
   d - Alistair's Intoxication        Transmutation/Poison         4
   e - Invisibility                   Hexes                        6
Comestibles
 d - 5 bread rations
 k - 4 meat rations
 u - a slice of pizza


   Skills:
 - Level 2.4 Dodging
 - Level 2.4 Stealth
 + Level 4.9 Spellcasting
 * Level 3.6 Conjurations
 - Level 2.6 Transmutations
 - Level 4.3 Earth Magic


You had 4 spell levels left.
You knew the following spells:

 Your Spells              Type           Power        Failure   Level  Hunger
a - Sandblast             Erth           ###...       1%          1    None
b - Stoneskin             Trmt/Erth      ###.....     4%          2    None
c - Passwall              Trmt/Erth      ###.......   10%         3    ##.....
d - Stone Arrow           Conj/Erth      ###...       10%         3    ##.....


Dungeon Overview and Level Annotations

Branches:
Dungeon (4/15)
 Temple: D:4-7

Altars:
Elyvilon
Okawaru
Qazlal
Zin


Message History

The goblin shoots a stone.
The stone completely misses you.
Casting: Sandblast
Confirm with . or Enter, or press ? or * to list all spells.
Aiming: Sandblast
Press: ? - help, Shift-Dir - straight line, f/p - jackal
Aim: a jackal (heavily wounded)
The blast of sand hits the jackal.
You kill the jackal!
The goblin shoots a stone.
The stone hits you.
* * * LOW HITPOINT WARNING * * *
You hear a splash.
Casting: Sandblast
Confirm with . or Enter, or press ? or * to list all spells.
Okay, then.
The goblin shoots a stone.
The stone closely misses you.
You hear a splash.
The goblin shoots a stone.
The stone hits you but does no damage.
You hear a splash.
The orc priest hits you with a club!
You die...

.....#.# .# .......# #.##
......###########..#######
###
.......)..................
....
..........................
....
≈≈...≈≈..≈≈≈≈≈≈≈≈.≈..≈≈...
≈≈≈≈
≈≈≈≈≈≈≈≈≈≈≈≈≈≈≈≈≈h≈h≈≈g...
≈≈≈≈
≈≈≈≈≈≈≈≈≈≈≈≈≈≈≈≈≈o≈≈≈≈g=..
≈≈≈≈
≈≈≈≈≈≈≈≈≈≈≈≈≈≈≈≈@≈≈≈≈≈g...
≈≈≈≈
########################++
####


You could see a hound, an orc priest, a jackal and 3 goblins.

Vanquished Creatures
  An iguana (D:4)
  2 orc wizards (D:4)
  A worker ant (D:4)
  2 adders
  2 gnolls (D:2)
  An ooze (D:1)
  2 worms
  2 giant geckos
  7 orcs
  2 ball pythons
  10 hobgoblins
  10 kobolds
  7 bats
  2 giant cockroaches
  A giant gecko skeleton (D:4)
  4 giant newts
  5 goblins
  5 jackals
  8 rats
74 creatures vanquished.

Vanquished Creatures (others)
  An ogre (D:2)
  7 toadstools (D:1)
8 creatures vanquished.

Grand Total: 82 creatures vanquished

Notes
Turn   | Place    | Note
--------------------------------------------------------------
     0 | D:1      | Oddball22 the Deep Elf Earth Elementalist began the quest for the Orb.
     0 | D:1      | Reached XP level 1. HP: 10/10 MP: 6/6
   319 | D:1      | Reached XP level 2. HP: 15/15 MP: 4/8
   355 | D:1      | Learned a level 2 spell: Stoneskin
  1135 | D:1      | Reached skill level 4 in Earth Magic
  1143 | D:1      | Reached XP level 3. HP: 19/19 MP: 7/10
  1165 | D:1      | Learned a level 3 spell: Passwall
  1169 | D:1      | Learned a level 3 spell: Stone Arrow
  1712 | D:2      | Reached skill level 1 in Conjurations
  1718 | D:2      | Found a glowing silver altar of Zin.
  1868 | D:2      | Found a stormy altar of Qazlal.
  2119 | D:2      | Reached XP level 4. HP: 24/24 MP: 1/12
  2189 | D:2      | Killed an ogre
  3072 | D:3      | Found an iron altar of Okawaru.
  3379 | D:4      | Reached XP level 5. HP: 28/28 MP: 6/13
  3567 | D:4      | Found a white marble altar of Elyvilon.
  3788 | D:4      | HP: 1/28 [worker ant (1)]
  4201 | D:4      | Mangled by an orc priest

Vault maps used:
D:1:      nagdon_arrival_double_spiral, dk_noncrumbling_3, patterned_corridor
D:2:      lemuel_round_altar, nicolae_qazlal_eye_of_the_storm
D:3:      lemuel_coloured_pillars_altar
D:4:      minmay_goblin_kobold_castle, elyvilon_altar_3, first_bread,
          makhleb_blood_cavern_becter

Action                   |  1- 3 |  4- 6 || total
-------------------------+-------+-------++-------
Melee: Unarmed           |       |     4 ||     4
 Cast: Sandblast         |    76 |    65 ||   141
       Stone Arrow       |     7 |    14 ||    21
       Stoneskin         |     1 |       ||     1
  Use: Potion            |       |     5 ||     5
  Eat: Chunk             |     4 |     6 ||    10
